| TOP OF THE 1ST |
|
Cleveland Guardians batting - Pitching for New York Yankees : RHP John Brice
|
|
Pitching: RHP John Brice
|
|
|
Batting: LHB Hector Pedroso
|
0-0: Called Strike 0-1: Called Strike 0-2: Strikes out swinging
|
|
Batting: RHB Rick O'Reilly
|
0-0: Ball 1-0: Called Strike 1-1: Ball 2-1: Ball 3-1: Foul Ball, location: 2F 3-2: Strikes out swinging
|
|
Batting: RHB Nick Ogle
|
0-0: Called Strike 0-1: Foul Ball, location: 2F 0-2: Ball 1-2: Ball 2-2: Strikes out swinging
|
| Top of the 1st over - 0 runs, 0 hits, 0 errors, 0 left on base; Cleveland 0 - New York 0 |
| BOTTOM OF THE 1ST |
|
New York Yankees batting - Pitching for Cleveland Guardians : RHP Ben Cole
|
|
Pitching: RHP Ben Cole
|
|
|
Batting: LHB Jordan de Jesus
|
0-0: Swinging Strike 0-1: Called Strike 0-2: Ball 1-2: Strikes out looking
|
|
Batting: RHB Russ Shambaugh
|
0-0: Called Strike 0-1: Called Strike 0-2: Ball 1-2: Strikes out looking
|
|
Batting: LHB Jim Skare
|
0-0: Ball 1-0: Ball 2-0: Ball 3-0: Base on Balls
|
|
Batting: RHB Adriaan Pieters
|
0-0: Ball 1-0: Called Strike 1-1: Ball 2-1: Foul Ball, location: 2F 2-2: Strikes out swinging
|
| Bottom of the 1st over - 0 runs, 0 hits, 0 errors, 1 left on base; Cleveland 0 - New York 0 |
| TOP OF THE 2ND |
|
Cleveland Guardians batting - Pitching for New York Yankees : RHP John Brice
|
|
Batting: LHB Brent Albertson
|
0-0: Ball 1-0: Called Strike 1-1: Reached on error, E4 (Groundball, 4, EV 86.9 MPH)
|
|
Batting: RHB Nick Sharp
|
0-0: Ball 1-0: Called Strike 1-1: SINGLE (Groundball, 56D, EV 96.9 MPH) Brent Albertson to third
|
|
Batting: LHB Jack Bell
|
0-0: Ball 1-0: Ball 2-0: Ball 3-0: Fielders Choice at 2nd, 3-6 (Groundball, 3S, EV 85.0 MPH) Brent Albertson scores
|
|
Batting: RHB Jasper Burd
|
0-0: Ball 1-0: Called Strike Jack Bell is caught stealing 2nd base 2-4 1-1: Ball 2-1: Foul Ball, location: 2F 2-2: Reached on error, E3 (Groundball, 13, EV 87.5 MPH)
|
|
Batting: RHB Aaron Matthews
|
0-0: Ball 1-0: Fly out, F9 (Flyball, 89M, EV 85.6 MPH)
|
| Top of the 2nd over - 1 run, 1 hit, 2 errors, 1 left on base; Cleveland 1 - New York 0 |
| BOTTOM OF THE 2ND |
|
New York Yankees batting - Pitching for Cleveland Guardians : RHP Ben Cole
|
|
Batting: RHB Shiro Suehiro
|
0-0: Swinging Strike 0-1: Foul Ball, location: 2F 0-2: Ball 1-2: Fly out, F8 (Flyball, 8LD, EV 109.4 MPH)
|
|
Batting: LHB Joel Vera
|
0-0: Ball 1-0: Swinging Strike 1-1: Ball 2-1: Fly out, F7 (Flyball, 78M, EV 93.1 MPH)
|
|
Batting: RHB Larry Martell
|
0-0: Foul Ball, location: 2F 0-1: Ball 1-1: Ball 2-1: Swinging Strike 2-2: Strikes out swinging
|
| Bottom of the 2nd over - 0 runs, 0 hits, 0 errors, 0 left on base; Cleveland 1 - New York 0 |
| TOP OF THE 3RD |
|
Cleveland Guardians batting - Pitching for New York Yankees : RHP John Brice
|
|
Batting: RHB Danny Eberhart
|
0-0: Ball 1-0: Called Strike 1-1: Foul Ball, location: 2F 1-2: Ball 2-2: Ball 3-2: Fly out, F7 (Flyball, 7S, EV 88.1 MPH)
|
|
Batting: LHB Hector Pedroso
|
0-0: Ball 1-0: Swinging Strike 1-1: Called Strike 1-2: Strikes out looking
|
|
Batting: RHB Rick O'Reilly
|
0-0: Foul Ball, location: 2F 0-1: Ball 1-1: Foul Ball, location: 2F 1-2: Strikes out swinging
|
| Top of the 3rd over - 0 runs, 0 hits, 0 errors, 0 left on base; Cleveland 1 - New York 0 |
| BOTTOM OF THE 3RD |
|
New York Yankees batting - Pitching for Cleveland Guardians : RHP Ben Cole
|
|
Batting: RHB James Boynton
|
0-0: Ball 1-0: Swinging Strike 1-1: Ball 2-1: Ball 3-1: Base on Balls
|
|
Batting: RHB Mike Gifford
|
0-0: Ball 1-0: Called Strike 1-1: Ball 2-1: Foul Ball, location: 2F 2-2: Ball 3-2: DOUBLE (Flyball, 89XD, EV 104.4 MPH) James Boynton to third
|
|
Batting: LHB Jordan de Jesus
|
0-0: Called Strike 0-1: TRIPLE (Line Drive, 9LD, EV 112.5 MPH) James Boynton scores Mike Gifford scores
|
|
Batting: RHB Russ Shambaugh
|
0-0: Ground out 6-3 (Groundball, 6, EV 78.8 MPH) Jordan de Jesus scores
|
|
Batting: LHB Jim Skare
|
0-0: Foul Ball, location: 2F 0-1: Swinging Strike 0-2: SOLO HOME RUN (Line Drive, 7D, EV 100.0 MPH), Distance : 379 ft
|
|
Batting: RHB Adriaan Pieters
|
0-0: Swinging Strike 0-1: Foul Ball, location: 2F 0-2: Ball 1-2: Ball 2-2: Foul Ball, location: 2F 2-2: Foul Ball, location: 2F 2-2: SINGLE (Groundball, 25, EV 66.9 MPH) (infield hit)
|
|
Batting: RHB Shiro Suehiro
|
0-0: Ball 1-0: Called Strike 1-1: Foul Ball, location: 2F 1-2: Grounds into double play, 6-4-3 (Groundball, 6, EV 85.0 MPH)
|
| Bottom of the 3rd over - 4 runs, 4 hits, 0 errors, 0 left on base; Cleveland 1 - New York 4 |
| TOP OF THE 4TH |
|
Cleveland Guardians batting - Pitching for New York Yankees : RHP John Brice
|
|
Batting: RHB Nick Ogle
|
0-0: Ball 1-0: Ball 2-0: Swinging Strike 2-1: Swinging Strike 2-2: Strikes out swinging
|
|
Batting: LHB Brent Albertson
|
0-0: Ball 1-0: Called Strike 1-1: SINGLE (Line Drive, 4MD, EV 99.4 MPH)
|
|
Batting: RHB Nick Sharp
|
0-0: Called Strike 0-1: Ball 1-1: Ball 2-1: Ball 3-1: Base on Balls Brent Albertson to second
|
|
Batting: LHB Jack Bell
|
0-0: Called Strike 0-1: Ball Wild Pitch! Brent Albertson to third Nick Sharp to second 1-1: Swinging Strike 1-2: Strikes out looking
|
|
Batting: RHB Jasper Burd
|
0-0: Foul Ball, location: 2F 0-1: Ball 1-1: Ground out 4-3 (Groundball, 4, EV 87.5 MPH)
|
| Top of the 4th over - 0 runs, 1 hit, 0 errors, 2 left on base; Cleveland 1 - New York 4 |
| BOTTOM OF THE 4TH |
|
New York Yankees batting - Pitching for Cleveland Guardians : RHP Ben Cole
|
|
Batting: LHB Joel Vera
|
0-0: Ball 1-0: Ball 2-0: Foul Ball, location: 2F 2-1: Ball 3-1: Called Strike 3-2: Strikes out swinging
|
|
Batting: RHB Larry Martell
|
0-0: Ball 1-0: Ball 2-0: Called Strike 2-1: Fly out, F8 (Flyball, 8LD, EV 92.5 MPH)
|
|
Batting: RHB James Boynton
|
0-0: Called Strike 0-1: Ball 1-1: Ball 2-1: Ball 3-1: Base on Balls
|
|
Batting: RHB Mike Gifford
|
0-0: Foul Ball, location: 2F 0-1: Ball 1-1: Ball 2-1: Foul Ball, location: 2F 2-2: SINGLE (Flyball, 34D, EV 93.1 MPH) James Boynton to second Runner from 2nd tries for 3rd, SAFE, throw by RF made to third
|
|
Batting: LHB Jordan de Jesus
|
0-0: Ball 1-0: Ground out 2-3 (Groundball, 2R, EV 66.9 MPH)
|
| Bottom of the 4th over - 0 runs, 1 hit, 0 errors, 2 left on base; Cleveland 1 - New York 4 |
| TOP OF THE 5TH |
|
Cleveland Guardians batting - Pitching for New York Yankees : RHP John Brice
|
|
Batting: RHB Aaron Matthews
|
0-0: Ball 1-0: Foul Ball, location: 2F 1-1: SINGLE (Groundball, 4M, EV 98.1 MPH) (infield hit)
|
|
Batting: RHB Danny Eberhart
|
0-0: Ball 1-0: Ball 2-0: Ball 3-0: Base on Balls Aaron Matthews to second
|
|
Batting: LHB Hector Pedroso
|
0-0: Called Strike 0-1: Ball 1-1: Fly out, F2 (Popup, 25F, EV 90.6 MPH)
|
|
Batting: RHB Rick O'Reilly
|
0-0: Called Strike 0-1: Ball 1-1: SINGLE (Groundball, 6M, EV 104.4 MPH) (infield hit) Aaron Matthews to third Danny Eberhart to second
|
|
Batting: RHB Nick Ogle
|
0-0: Foul Ball, location: 2F 0-1: Ball 1-1: Swinging Strike 1-2: Fly out, F9 (Flyball, 9D, EV 100.0 MPH) Runner from 3rd tags up, SCORES, no throw by RF Danny Eberhart to third
|
|
Batting: LHB Brent Albertson
|
0-0: Ball 1-0: Called Strike 1-1: Ball 2-1: Called Strike 2-2: Ball 3-2: Foul Ball, location: 2F 3-2: Strikes out swinging
|
| Top of the 5th over - 1 run, 2 hits, 0 errors, 2 left on base; Cleveland 2 - New York 4 |
| BOTTOM OF THE 5TH |
|
New York Yankees batting - Pitching for Cleveland Guardians : RHP Ben Cole
|
|
Batting: RHB Russ Shambaugh
|
0-0: Ball 1-0: SINGLE (Line Drive, 8RS, EV 98.1 MPH)
|
|
Batting: LHB Jim Skare
|
0-0: Grounds into double play, 4-6-3 (Groundball, 4, EV 104.4 MPH)
|
|
Batting: RHB Adriaan Pieters
|
0-0: Called Strike 0-1: Ball 1-1: Ball 2-1: Ball 3-1: Fly out, F8 (Flyball, 89D, EV 101.9 MPH)
|
| Bottom of the 5th over - 0 runs, 1 hit, 0 errors, 0 left on base; Cleveland 2 - New York 4 |
| TOP OF THE 6TH |
|
Cleveland Guardians batting - Pitching for New York Yankees : RHP John Brice
|
|
Batting: RHB Nick Sharp
|
0-0: Swinging Strike 0-1: Called Strike 0-2: Strikes out swinging
|
|
Batting: LHB Jack Bell
|
0-0: Ball 1-0: Ball 2-0: Foul Ball, location: 2F 2-1: Ball 3-1: Ground out 6-3 (Groundball, 6, EV 79.4 MPH)
|
|
Batting: RHB Jasper Burd
|
0-0: Foul Ball, location: 2F 0-1: Ball 1-1: Fly out, F9 (Flyball, 89S, EV 78.1 MPH)
|
| Top of the 6th over - 0 runs, 0 hits, 0 errors, 0 left on base; Cleveland 2 - New York 4 |
| BOTTOM OF THE 6TH |
|
New York Yankees batting - Pitching for Cleveland Guardians : RHP Ben Cole
|
|
Batting: RHB Shiro Suehiro
|
0-0: Called Strike 0-1: Called Strike 0-2: Ball 1-2: Strikes out looking
|
|
Batting: LHB Joel Vera
|
0-0: Ground out U3 (Groundball, 3, EV 86.2 MPH)
|
|
Batting: RHB Larry Martell
|
0-0: Fly out, F6 (Popup, 6, EV 74.4 MPH)
|
| Bottom of the 6th over - 0 runs, 0 hits, 0 errors, 0 left on base; Cleveland 2 - New York 4 |
| TOP OF THE 7TH |
|
Cleveland Guardians batting - Pitching for New York Yankees : RHP John Brice
|
|
Pitching: RHP Chad Curry
|
|
|
Batting: RHB Aaron Matthews
|
0-0: Called Strike 0-1: Foul Ball, location: 2F 0-2: Ball 1-2: Ball 2-2: Ball 3-2: Foul Ball, location: 2F 3-2: Base on Balls
|
|
Pinch Hitting: LHB John Harring
|
0-0: Called Strike Aaron Matthews steals 2nd base (no throw) 0-1: Ball 1-1: Ground out 1-3 (Groundball, 13, EV 73.1 MPH) Aaron Matthews to third
|
|
Batting: LHB Hector Pedroso
|
0-0: Called Strike 0-1: Foul Ball, location: 2F 0-2: Ball 1-2: Ball 2-2: SINGLE (Groundball, 6MS, EV 70.0 MPH) (infield hit) Aaron Matthews scores
|
|
Pinch Hitting: LHB Arvin Dungca
|
0-0: Ball 1-0: Ball 2-0: Ball 3-0: Base on Balls Hector Pedroso to second
|
|
Batting: RHB Nick Ogle
|
0-0: Ball 1-0: Called Strike Hector Pedroso steals 3rd base Arvin Dungca to second 1-1: Ground out 4-3 (Groundball, 34, EV 100.0 MPH)
|
|
Batting: LHB Brent Albertson
|
0-0: Ball 1-0: Ball 2-0: Called Strike 2-1: Foul Ball, location: 2F 2-2: Foul Ball, location: 2F 2-2: Ball 3-2: Base on Balls
|
|
Batting: RHB Nick Sharp
|
0-0: Called Strike 0-1: Foul Ball, location: 2F 0-2: Ball 1-2: Strikes out swinging
|
| Top of the 7th over - 1 run, 1 hit, 0 errors, 3 left on base; Cleveland 3 - New York 4 |
| BOTTOM OF THE 7TH |
|
New York Yankees batting - Pitching for Cleveland Guardians : RHP Ben Cole
|
|
Now at 2B: Jasper Burd
|
|
|
Now at 3B: Christian Blue
|
|
|
Now in RF: John Harring
|
|
|
Batting: RHB James Boynton
|
0-0: Called Strike 0-1: Foul Ball, location: 2F 0-2: Strikes out swinging, 2-3 out at first.
|
|
Batting: RHB Mike Gifford
|
0-0: Ball 1-0: Ball 2-0: Ball 3-0: Called Strike 3-1: Base on Balls
|
|
Pitching: RHP Dennis Beals
|
|
|
Batting: LHB Jordan de Jesus
|
0-0: Called Strike 0-1: Foul Ball, location: 2F 0-2: Foul Ball, location: 2F 0-2: Foul Ball, location: 2F 0-2: Foul Ball, location: 2F 0-2: Ball 1-2: Ball 2-2: Grounds into double play, 6-4-3 (Groundball, 6, EV 101.2 MPH)
|
| Bottom of the 7th over - 0 runs, 0 hits, 0 errors, 0 left on base; Cleveland 3 - New York 4 |
| TOP OF THE 8TH |
|
Cleveland Guardians batting - Pitching for New York Yankees : RHP Chad Curry
|
|
Pitching: RHP Dave Barry
|
|
|
Batting: LHB Jack Bell
|
0-0: Swinging Strike 0-1: Swinging Strike 0-2: Ball 1-2: SINGLE (Groundball, 4MS, EV 64.4 MPH) (infield hit)
|
|
Batting: RHB Jasper Burd
|
0-0: Ball 1-0: Bunted foul 1-1: Sac Bunt to 2R - play at first, batter OUT! 2-3 Jack Bell to second
|
|
Batting: RHB Aaron Matthews
|
0-0: Ball 1-0: Fly out, F8 (Flyball, 89M, EV 88.8 MPH)
|
|
Pitching: LHP Robert Cruz
|
|
|
Batting: LHB John Harring
|
0-0: Called Strike 0-1: Ball 1-1: Called Strike 1-2: SINGLE (Groundball, 4MS, EV 68.8 MPH) (infield hit) Jack Bell to third
|
|
Batting: LHB Hector Pedroso
|
0-0: Foul Ball, location: 2F 0-1: Ball 1-1: SINGLE (Flyball, 89S, EV 90.6 MPH) Jack Bell scores John Harring to second Runner from 2nd tries for 3rd, SAFE, throw by CF made to third
|
|
Batting: RHB Christian Blue
|
0-0: Ball 1-0: Swinging Strike 1-1: Called Strike 1-2: Ball 2-2: Fly out, F8 (Flyball, 8RM, EV 92.5 MPH)
|
| Top of the 8th over - 1 run, 3 hits, 0 errors, 2 left on base; Cleveland 4 - New York 4 |
| BOTTOM OF THE 8TH |
|
New York Yankees batting - Pitching for Cleveland Guardians : RHP Dennis Beals
|
|
Batting: RHB Russ Shambaugh
|
0-0: Called Strike 0-1: Foul Ball, location: 2F 0-2: Foul Ball, location: 2F 0-2: Foul Ball, location: 2F 0-2: SOLO HOME RUN (Flyball, 7D, EV 98.8 MPH), Distance : 388 ft
|
|
Batting: LHB Jim Skare
|
0-0: Swinging Strike 0-1: Foul Ball, location: 2F 0-2: Ball 1-2: Ball 2-2: Hit by Pitch
|
|
Batting: RHB Adriaan Pieters
|
0-0: Called Strike 0-1: Called Strike 0-2: Foul Ball, location: 2F 0-2: Ball 1-2: Fly out, F8 (Flyball, 8RD, EV 100.0 MPH)
|
|
Batting: RHB Shiro Suehiro
|
0-0: Ball 1-0: Ball 2-0: Ball 3-0: Base on Balls Jim Skare to second
|
|
Batting: LHB Joel Vera
|
0-0: Ball 1-0: Ball 2-0: Fly out, F8 (Flyball, 78M, EV 95.0 MPH)
|
|
Batting: RHB Larry Martell
|
0-0: SINGLE (Line Drive, 89S, EV 105.6 MPH) Jim Skare to third Shiro Suehiro to second
|
|
Batting: RHB James Boynton
|
0-0: Foul Ball, location: 2F 0-1: Fly out, F8 (Flyball, 89M, EV 86.9 MPH)
|
| Bottom of the 8th over - 1 run, 2 hits, 0 errors, 3 left on base; Cleveland 4 - New York 5 |
| TOP OF THE 9TH |
|
Cleveland Guardians batting - Pitching for New York Yankees : LHP Robert Cruz
|
|
Pitching: RHP Isaias Chavez
|
|
|
Batting: RHB Nick Ogle
|
0-0: Called Strike 0-1: Ball 1-1: Foul Ball, location: 2F 1-2: Ball 2-2: Ball 3-2: Base on Balls
|
|
Batting: LHB Brent Albertson
|
0-0: Ball 1-0: Fly out, F6 (Popup, 6MD, EV 58.8 MPH)
|
|
Batting: RHB Nick Sharp
|
0-0: Called Strike 0-1: Ball 1-1: Swinging Strike 1-2: Grounds into double play, 6-4-3 (Groundball, 56S, EV 75.6 MPH)
|
| Top of the 9th over - 0 runs, 0 hits, 0 errors, 0 left on base; Cleveland 4 - New York 5 |
|